 Dungeon Crawl Stone Soup version 0.27-a0-1442-g87b6fcb595 (webtiles) character file.

Game seed: 3496031794395350231

65 barkas the Caller (level 3, -3/28 HPs)
             Began as a Demigod Summoner on July 4, 2021.
             Succumbed to a scorpion's poison
             ... on level 4 of the Dungeon.
             The game lasted 00:04:13 (2509 turns).

barkas the Caller (Demigod Summoner)                Turns: 2509, Time: 00:04:14

Health: -3/28      AC:  7    Str:  9    XL:     3   Next: 66%
Magic:  8/8        EV: 11    Int: 21    God:
Gold:   93         SH:  0    Dex: 14    Spells: 0/6 levels left

rFire    . . .     SeeInvis .   a - +1 short sword (drain)
rCold    . . .     Faith    .   (no shield)
rNeg     . . .     Spirit   .   k - +0 leather armour
rPois    .         Reflect  .   (no helmet)
rElec    .         Harm     .   (no cloak)
rCorr    .         Rampage  .   (no gloves)
Will     .....                  (no boots)
Stlth    ++........             (no amulet)
HPRegen  0.09/turn              i - +4 ring of protection
MPRegen  0.11/turn              (no ring)

@: lethally poisoned (-3 -> -25), attractive, hasted, very quick
A: high mp 1, forlorn
a: no special abilities


You were on level 4 of the Dungeon.
You visited 1 branch of the dungeon, and saw 3 of its levels.

You collected 93 gold pieces.

Inventory:

Hand Weapons
 a - a +1 short sword of draining (weapon)
 b - a +0 spear
 d - a +0 dagger
Missiles
 c - 8 boomerangs
Armour
 k - a +0 leather armour (worn)
Jewellery
 i - a +4 ring of protection (left hand)
Potions
 f - 2 potions of attraction
 h - a potion of brilliance {unknown}


   Skills:
 + Level 1.5 Fighting
 - Level 1.7 Dodging
 - Level 1.7 Stealth
 - Level 2.0 Spellcasting
 * Level 4.5 Summonings


You couldn't memorise any spells.
You knew the following spells:

 Your Spells              Type           Power      Damage    Failure   Level
a - Summon Small Mammal   Summ           84%        N/A       3%          1
b - Call Imp              Summ           21%        N/A       4%          2
c - Call Canine Familiar  Summ           21%        N/A       10%         3

Your spell library contained the following spells:

 Spells                   Type           Power      Damage    Failure   Level
 Summon Guardian Golem    Hex/Summ       11%        N/A       24%         3
 Summon Lightning Spire   Summ/Air       11%        N/A       63%         4


Dungeon Overview and Level Annotations

Branches:
Dungeon (4/15)
 Temple: D:4-7

Annotations:
D:4 exclusion: ogre


Innate Abilities, Weirdness & Mutations

Your attributes grow dramatically as you level up.
You have an increased reservoir of magic. (+10% MP)
You shall have no god before yourself.


Message History

Found a short brass wand.
You closely miss the ball python. The ball python barely misses you.
The ball python misses you.
You closely miss the ball python.
Your quokka barely misses the ball python.
Your quokka bites the ball python.
The ball python dies!
No target in view!
A scorpion comes into view.
Your quokka disappears in a puff of smoke!
Found a stone staircase leading down.
You see here a wand of acid (8).
Found a scroll labelled SUPI XYTAJ.
The scorpion stings you.
You are poisoned.
The scorpion poisons you!
Casting: Summon Small Mammal (safe; 3% risk of failure)
Confirm with . or Enter, or press ? or * to list all spells.
You feel sick.
Your quokka disappears in a puff of smoke!
The scorpion closely misses you.
You closely miss the scorpion.
You feel sick. The scorpion stings you. x2
You are lethally poisoned!
The scorpion poisons you!
Your rat bites the scorpion.
You feel very sick. The scorpion stings your rat!
Your rat dies!
Your rat's corpse disappears in a puff of smoke!
It was a potion of attraction.
You feel attractive to monsters.
* * * LOW HITPOINT WARNING * * *
You feel very sick.
It was a potion of magic.
Magic courses through your body.
* * * LOW HITPOINT WARNING * * *
You feel sick. The scorpion stings you.
* * * LOW HITPOINT WARNING * * *
You are more poisoned.
The scorpion poisons you!
It was a potion of haste.
You feel yourself speed up.
You die...

..##.#..............#
......................#
.......#..............#
.........#...####.....#
....?...##...#####....#
........##.....# .#...
.........#/.##.........
........#...###.... .
.......@.#...# #...
.......s.§##.# ...
#..........##.# ..
##.......§....#
#...>...........
...##..........# ..#
###......### .#
###...## #.##


You could see a scorpion.

Vanquished Creatures
  2 gnolls (D:2)
  2 dart slugs (D:2)
  An orc (D:4)
  2 bats
  2 endoplasms (D:1)
  3 giant cockroaches (D:1)
  5 goblins
  A hobgoblin (D:1)
  A kobold (D:4)
  4 ball pythons
  2 rats
25 creatures vanquished.

Vanquished Creatures (collateral kills)
  A gnoll (D:2)
  3 ball pythons
  5 goblins
  A hobgoblin (D:1)
  2 jackals (D:2)
  A quokka (D:1)
  A bat (D:1)
  A rat (D:1)
15 creatures vanquished.

Grand Total: 40 creatures vanquished

Notes
Turn   | Place    | Note
-------+----------+-------------------------------------------
     0 | D:1      | barkas the Demigod Summoner began the quest for the Orb.
     0 | D:1      | Reached XP level 1. HP: 14/14 MP: 5/5
   698 | D:1      | Reached XP level 2. HP: 17/22 MP: 5/7
  1058 | D:1      | Reached skill level 4 in Summonings
  1624 | D:2      | Reached skill level 1 in Fighting
  1683 | D:2      | Reached XP level 3. HP: 19/28 MP: 5/8
  1985 | D:1      | Learned a level 2 spell: Call Imp
  1989 | D:1      | Learned a level 3 spell: Call Canine Familiar
  2294 | D:2      | You fall into a shaft and drop 2 floors!
  2357 | D:4      | Noticed an ogre
  2498 | D:4      | Noticed a scorpion
  2509 | D:4      | Succumbed to a scorpion's poison

Illustrated notes

Levels and vault maps discovered:
D:1:      psy_arrival_whirlpool, layout_basic, minmay_misc_feat_rows
D:2:      wander_river, layout_basic, uniq_robin
D:4:      layout_layer_cave, nicolae_overflow_hidden_temple

Skill      XL: |  1  2 |
---------------+-------+-----
Spellcasting   | 2 |  2.0
Summonings     | 4 |  4.5
Fighting       | 1 |  1.5
Dodging        | |  1.7
Stealth        | |  1.7

Action                   || total
-------------------------++-------
Melee: Mace              ||    17
       Dagger            ||    44
       Short sword       ||    26
       Spear             ||    26
 Cast: Summon Small Mamm ||    45
  Use: Potion            ||     3
       Scroll            ||     1
 Stab: Sleeping          ||     6
       Distracted        ||     4
Armor: Robe              ||    13
       Leather armour    ||     9
Dodge: Dodged            ||    59

Table legend: (Time is in decaauts)
 A = Elapsed time spent in this place.
 B = Non-inter-level travel time spent in this place.
 C = Inter-level travel time spent in this place.
 D = Time resting spent in this place.
 E = Time spent auto-exploring this place.
 F = Levels seen in this place.
 G = Mean time per level.
                   A        B        C        D        E       F      G
               +--------+--------+--------+--------+--------+-----+--------+
         Total |   2528 |   2464 |     64 |    644 |   1203 |   3 |  842.7 |
       Dungeon |   2528 |   2464 |     64 |    644 |   1203 |   3 |  842.7 |
               +--------+--------+--------+--------+--------+-----+--------+

Top non-repeatable levels by time:
     D:1: 1824 daAuts
     D:2: 488 daAuts
     D:4: 216 daAuts
